 Dungeon Crawl Stone Soup version 0.31-a0-532-g28f74ba (webtiles) character file.

Game seed: 5210159159540629023

18 centralandcovert the Changeling (level 2, -5/12 HPs)
             Began as a Felid Shapeshifter on Aug 12, 2023.
             Slain by a gnoll
             ... wielding a +0 halberd of venom
              (12 damage)
             ... on level 2 of the Dungeon.
             The game lasted 00:05:18 (1231 turns).

centralandcovert the Changeling (FeSh)              Turns: 1231, Time: 00:05:19

Health: -5/12      AC:  1    Str: 11    XL:     2   Next: 48%
Magic:  3/3        EV: 17    Int:  9    God:
Gold:   69         SH:  0    Dex: 16    Spells: 1/1 levels left
                                        Lives:  0   Deaths: 0

rFire   . .          .
                       - Unarmed
rCold   . . .        (shield unavailable)
rNeg    . . .        (body armour unavailable)
rPois   .            (helmet unavailable)
rElec   .            (cloak unavailable)
rCorr   .            (gloves unavailable)
SInv    +            (boots unavailable)
Will    .....        (no amulet)
Stlth   +            p - ring of see invisible
HPRegen 0.22/turn    (no ring)
MPRegen 0.08/turn

%: no passive effects
@: beast-form, quick
A: beast (slay +2), very small, claws 1, fangs 3, see invisible, speed 1, shaggy
fur 1, stealthy paws, no weapons or thrown items, no armour, multi-lived
a: Begin Untransformation


You were on level 2 of the Dungeon.
You were a hulking beast.
You visited 1 branch of the dungeon, and saw 2 of its levels.

You collected 69 gold pieces.

Inventory:

Jewellery
 p - a ring of see invisible (left paw)
Talismans
 b - a beast talisman (active)
 c - a flux talisman
 g - a maw talisman
Scrolls
 d - 5 scrolls of identify {unknown}
 e - a scroll of noise {unknown}
 h - a scroll of enchant armour {unknown}
 i - a scroll of torment {unknown}
 k - a scroll of amnesia {unknown}
 m - 2 scrolls of teleportation {unknown}
 n - a scroll of poison {unknown}
 o - a scroll of vulnerability {unknown}
Potions
 a - a potion of lignification
 f - a potion of brilliance {unknown}
 j - a potion of invisibility {unknown}
 l - a potion of mutation {unknown}


   Skills:
 + Level 1.1 Fighting
 + Level 2.9 Dodging
 + Level 3.4 Unarmed Combat
 + Level 3.5 Shapeshifting


You had one spell level left.
You didn't know any spells.
Your spell library contained the following spells:

 Spells                   Type           Power      Damage    Failure   Level
 Magic Dart               Conj           0%         1d3       38%         1
 Summon Small Mammal      Summ           0%         N/A       38%         1
 Searing Ray              Conj           0%         2d4       52%         2
 Call Canine Familiar     Summ           0%         N/A       77%         3
 Summon Guardian Golem    Hex/Summ       0%         N/A       77%         3
 Fulminant Prism          Conj/Hex       0%         3d5       99%         4
 Summon Forest            Summ/Tloc      0%         N/A       100%        5
 Eringya's Noxious Bog    Tmut/Pois      0%         4d6       100%        6
 Summon Hydra             Summ           0%         N/A       100%        7


Dungeon Overview and Level Annotations

Branches:
Dungeon (2/15)

Altars:

Annotations:
D:2 Sigmund


Innate Abilities, Weirdness & Mutations

You are a hulking beast.
Your limbs bulge with bestial killing power. (Slay +2)
You have sharp claws.
You have razor-sharp teeth.
You have supernaturally acute eyesight. (SInv)
You cover ground quickly. (Speed+)
You are covered in fur. (AC +1)
Your paws help you pounce on unaware monsters.
You are incapable of wielding weapons or throwing items.
You cannot wear armour.
You gain extra lives every three experience levels.


Message History

Found a scroll labelled LUOBRE BUCIFOI.
You closely miss the frilled lizard. The frilled lizard misses you.
You scratch the frilled lizard.
You kill the frilled lizard!
A kobold comes into view. It is wielding a +0 whip.
The kobold shouts!
The kobold throws a stone.
The stone closely misses you.
You claw the kobold!
You kill the kobold!
n - a scroll labelled LUOBRE BUCIFOI
o - a scroll labelled HAROIH RIEL
Things that are here:
a +0 whip; 4 stones; a kobold corpse You open the door.
Found a faintly glowing spear.
There is an open door here.
Sigmund the Dreaded comes into view.
He is wielding a +0 scythe and carrying a wand of flame.
Sigmund shouts!
There is an open door here.
Sigmund is nearby!
Found a scroll labelled ODOLOS EPUKI.
m - 2 scrolls labelled ODOLOS EPUKI (gained 1) Sigmund is nearby!
Sigmund is nearby!
Found an opal ring.
A gnoll comes into view. It is wielding a +0 whip.
A gnoll comes into view. It is wielding a +1 whip of draining.
The gnoll shouts!
You hear a shout!
A gnoll comes into view. It is wielding a +0 halberd of venom.
The gnoll shouts!
You see here a ring of see invisible.
p - a ring of see invisible (left paw)
A gnoll comes into view. It is wielding a +0 whip.
The gnoll closely misses you.
Sigmund says, "Look into my eyes."
Sigmund zaps a wand.
The puff of flame hits you.
Ouch! That really hurt!
The gnoll hits you from afar with a +0 halberd of venom!
Ouch! That really hurt!
You die...

#.##.# #....#
########
...#.# #.
....###
.....######
#.##.....#
.#...##...#
.....#.#.#
.#...##.#.###
#.#..g...#
.#....#.#...#
#.#.g#...#
.###.##.###.#
#.##g#...#
.##.(...# #.#
#.h.g...##
.##...### #.#
####..@..#
.##.#.# ###.#
#####.#
....#.# #.#.#
#.#
.####.###.#.#
###.#####
.........>#.#
#.......#
#######...#.#
#.#.###.#
#### #.#...#
#.#...
...####.#)..#
#.#.###


You could see Sigmund and 2 gnolls.

Vanquished Creatures
  A ball python (D:1)
  2 bats
  2 giant cockroaches (D:1)
  A goblin (D:1)
  2 hobgoblins (D:2)
  A quokka (D:1)
  3 frilled lizards
  3 kobolds
  2 rats
17 creatures vanquished.

Notes
Turn   | Place    | Note
-------+----------+-------------------------------------------
     0 | D:1      | centralandcovert the Felid Shapeshifter began the quest for
                  | the Orb.
     0 | D:1      | Reached XP level 1. HP: 9/9 MP: 2/2
   372 | D:1      | Reached XP level 2. HP: 12/12 MP: 3/3
  1167 | D:2      | Noticed Sigmund
  1231 | D:2      | Slain by a gnoll

Illustrated notes

Levels and vault maps discovered:
D:1:      dpeg_arrival_fog, layout_basic
D:2:      layout_basic, ebering_ecumenical_altar_webs, serial_glass,
          glass_columns_a, glass_columns_a, uniq_sigmund

Action                     || total
---------------------------++-------
  Melee: Unarmed           ||    29
         Bite              ||     3
         Punch             ||     1
   Stab: Sleeping          ||     1
 Armour: Skin              ||     1
  Dodge: Dodged            ||    12

Table legend: (Time is in decaauts)
 A = Elapsed time spent in this place.
 B = Non-inter-level travel time spent in this place.
 C = Inter-level travel time spent in this place.
 D = Time resting spent in this place.
 E = Time spent auto-exploring this place.
 F = Levels seen in this place.
 G = Mean time per level.
                   A        B        C        D        E       F      G
               +--------+--------+--------+--------+--------+-----+--------+
         Total |   1010 |    956 |     54 |      0 |    814 |   2 |  505.0 |
       Dungeon |   1010 |    956 |     54 |      0 |    814 |   2 |  505.0 |
               +--------+--------+--------+--------+--------+-----+--------+

Top non-repeatable levels by time:
     D:1: 753 daAuts
     D:2: 256 daAuts
